 Dungeon Crawl Stone Soup version 0.20.1-1-g8b1a95d (webtiles) character file.

127 letownia2 the Grave Robber (level 4, -1/36 HPs)
             Began as a Deep Dwarf Necromancer on Nov 27, 2017.
             Slain by a bullfrog skeleton (2 damage)
             ... on level 5 of the Dungeon.
             The game lasted 00:03:33 (1507 turns).

letownia2 the Grave Robber (Deep Dwarf Necromancer) Turns: 1507, Time: 00:03:34

Health: -1/36      AC:  3    Str: 12    XL:     4   Next: 85%
Magic:  7/7        EV: 12    Int: 16    God:
Gold:   74         SH:  0    Dex: 11    Spells: 3/7 levels left

rFire    . . .     SeeInvis .   e - +0 dagger
rCold    . . .     Gourm    .   (no shield)
rNeg     . . .     Faith    .   a - +0 robe
rPois    .         Spirit   .   (no helmet)
rElec    .         Reflect  .   h - +0 cloak
rCorr    .         Harm     .   (no gloves)
MR       .....                  (no boots)
Stlth    ++........             (no amulet)
Regen    0.0/turn               g - -2 ring of dexterity (curse)
MPRegen  0.1/turn               (no ring)

@: non-regenerating
A: damage resistance, heal wounds, sense surroundings 1, no regeneration
a: Heal Wounds


You were on level 5 of the Dungeon.
You were near starving.

You visited 1 branch of the dungeon, and saw 5 of its levels.

You collected 74 gold pieces.

Inventory:

Hand Weapons
 e - a +0 dagger (weapon)
 f - a +0 spear
Missiles
 o - 8 tomahawks (quivered)
Armour
 a - a +0 robe (worn)
 h - a +0 cloak (worn)
Jewellery
 g - a cursed -2 ring of dexterity (left hand)
Wands
 l - a wand of acid (13/15)
Scrolls
 j - a scroll of fear {unknown}
 n - a scroll of blinking {unknown}
Potions
 i - a potion of agility {unknown}
 k - 2 potions of brilliance {unknown}
Books
 b - a book of Necromancy

   Spells                             Type                      Level
   a - Pain                           Necromancy                   1
   b - Animate Skeleton               Necromancy                   1
   c - Vampiric Draining              Necromancy                   3
   d - Regeneration                   Charms/Necromancy            3
   e - Animate Dead                   Necromancy                   4
   f - Control Undead                 Necromancy                   4
 m - a book of Changes

   Spells                             Type                      Level
   a - Beastly Appendage              Transmutation                1
   b - Sticks to Snakes               Transmutation                2
   c - Spider Form                    Transmutation/Poison         3
   d - Ice Form                       Ice/Transmutation            4
   e - Blade Hands                    Transmutation                5
Comestibles
 c - 2 bread rations
 d - 3 meat rations


   Skills:
 - Level 2.1 Dodging
 - Level 2.4 Stealth
 - Level 2.2 Spellcasting
 + Level 6.6 Necromancy


You had 3 spell levels left.
You knew the following spells:

 Your Spells              Type           Power        Failure   Level  Hunger
a - Pain                  Necr           ###.         1%          1    #......
v - Vampiric Draining     Necr           ###.......   4%          3    ###....


Dungeon Overview and Level Annotations

Branches:
Dungeon (5/15)             Temple (0/1) D:5

Altars:
Uskayaw
Zin

Annotations:
D:4 Ijyb


Innate Abilities, Weirdness & Mutations

You are resistant to damage.
You can heal yourself by infusing magical energy.
You passively map a small area around you.
You do not regenerate.


Message History

The bullfrog skeleton hits you.
* * * LOW HITPOINT WARNING * * *
You barely miss the bullfrog skeleton.
The bullfrog skeleton is severely damaged.
The bullfrog skeleton barely misses you.
You hit the bullfrog skeleton but do no damage.
The bullfrog skeleton is severely damaged.
The bullfrog skeleton closely misses you.
You hit the bullfrog skeleton.
The bullfrog skeleton is almost destroyed.
The bullfrog skeleton closely misses you.
The bullfrog skeleton misses you.
You hit the bullfrog skeleton.
The bullfrog skeleton is almost destroyed.
The bullfrog skeleton hits you.
* * * LOW HITPOINT WARNING * * *
You hit the bullfrog skeleton but do no damage.
The bullfrog skeleton is almost destroyed.
The bullfrog skeleton hits you.
You die...

#.# #.#.##### *
#.# #.#.. ,
##.#####.###.###*
#.......>....... ,
,
########.#####.*##
* #..........,
#..#####.####
#..##........ ,
#...Z@.......
#.###...##### #.#
....# #.#...###
#.#.... * #.#...#,
, ,, #.#...# * * *
#.#...# , * * ,


You could see a bullfrog skeleton.

Vanquished Creatures
  A hound (D:4)
  An iguana (D:4)
  A worker ant (D:4)
  3 adders
  A dart slug (D:1)
  A leopard gecko (D:4)
  4 hobgoblins (D:1)
  2 jackals (D:3)
  A frilled lizard (D:1)
  3 goblins (D:1)
  2 rats
20 creatures vanquished.

Notes
Turn   | Place    | Note
-------+----------+-------------------------------------------
     0 | D:1      | letownia2 the Deep Dwarf Necromancer began the quest for the Orb.
     0 | D:1      | Reached XP level 1. HP: 15/15 MP: 3/3
   242 | D:1      | Reached XP level 2. HP: 22/22 MP: 3/5
   533 | D:3      | Found a hide-covered altar of Uskayaw.
   533 | D:3      | Found a glowing silver altar of Zin.
   560 | D:3      | Reached skill level 5 in Necromancy
   731 | D:4      | Noticed Ijyb
   775 | D:4      | Reached XP level 3. HP: 7/28 MP: 1/6
   780 | D:4      | Learned a level 3 spell: Vampiric Draining
  1070 | D:4      | Reached skill level 6 in Necromancy
  1070 | D:4      | Reached XP level 4. HP: 9/36 MP: 0/7
  1423 | D:4      | Noticed an ogre
  1444 | D:5      | Entered Level 5 of the Dungeon
  1506 | D:5      | HP: 1/36 [bullfrog skeleton (2)]
  1507 | D:5      | Slain by a bullfrog skeleton

Skill      XL: |  1  2  3 |
---------------+----------+-----
Spellcasting   | 2 |  2.2
Necromancy     | 5 6 |  6.6
Dodging        | |  2.1
Stealth        | |  2.4

Action                   |  1- 3 |  4- 6 || total
-------------------------+-------+-------++-------
Melee: Unarmed           |     2 |       ||     2
       Dagger            |    27 |    29 ||    56
 Cast: Pain              |    39 |     1 ||    40
       Vampiric Draining |     3 |     5 ||     8
  Eat: Chunk             |     2 |       ||     2
Armor: Robe              |     7 |     4 ||    11
Dodge: Dodged            |    35 |    23 ||    58
